 Dungeon Crawl Stone Soup version 0.31-a0-620-gd1cbd99268 (webtiles) character file.

Game seed: 4217186654353707254

5516 javelincjr the Thaumaturge (level 10, -21/65 HPs)
             Began as a Demonspawn Conjurer on Aug 23, 2023.
             Was a Believer of Sif Muna.
             Shot with an arrow by a centaur warrior (30 damage)
             ... on level 8 of the Dungeon.
             The game lasted 00:58:47 (11211 turns).

javelincjr the Thaumaturge (Demonspawn Conjurer)   Turns: 11211, Time: 00:58:48

Health: -21/65     AC:  5    Str:  9    XL:     10   Next: 43%
Magic:  22/22      EV: 13    Int: 23    God:    Sif Muna [**....]
Gold:   553        SH:  0    Dex: 11    Spells: 9/25 levels left

rFire   . . .        H - +8 arc blade {discharge, rElec}
rCold   . . .        (no shield)
rNeg    . . .        J - +0 steam dragon scales
rPois   .            (no helmet)
rElec   +            (no cloak)
rCorr   +            (no gloves)
SInv    .            (no boots)
Will    ++...        E - amulet of regeneration
Stlth   +++          e - ring of willpower
HPRegen 1.10/turn    g - ring of resist corrosion
MPRegen 0.18/turn

%: no passive effects
@: no status effects
A: hooves 2, sturdy frame 2, strong-willed 1, wild magic 1
a: Renounce Religion, Channel Magic


You were on level 8 of the Dungeon.
You worshipped Sif Muna.
Sif Muna was pleased with you.
You visited 2 branches of the dungeon, and saw 9 of its levels.
You also visited: Ossuary.

You collected 553 gold pieces.

Inventory:

Hand Weapons
 n - a +0 whip
 x - a +4 trident of venom
 H - the +8 arc blade (weapon) {discharge, rElec}
   (You found it on level 8 of the Dungeon)

   rElec:     It insulates you from electricity.
Armour
 o - a +2 leather armour of willpower
 r - a +2 troll leather armour
 s - the +0 robe "Wiseneen" {rElec}
   (You found it on level 5 of the Dungeon)

   rElec:     It insulates you from electricity.
 y - a +2 robe of willpower
 G - the +1 leather armour "Senwa" {Dex+5}
   (You found it on level 8 of the Dungeon)

   Dex+5:     It affects your dexterity (+5).
 J - +0 steam dragon scales (worn)
Magical Staves
 C - the staff of Dung {rF+ Int+3 Fire}
   (You found it on level 6 of the Dungeon)

   [staff of fire]

   Base accuracy: +5 Base damage: 5 Base attack delay: 1.2 This weapon's minimum
   attack delay (0.6) is reached at skill level 12.
   Int+3:     It affects your intelligence (+3).
   rF+:       It protects you from fire.
   Fire:      It increases the power of your Fire spells.
   It falls into the 'Staves' category.
   It is a one-handed weapon.
Jewellery
 e - a ring of willpower (left hand)
 g - a ring of resist corrosion (right hand)
 l - an amulet of guardian spirit
 E - an amulet of regeneration (around neck)
 F - an amulet of the acrobat
Wands
 q - a wand of paralysis (9)
 A - a wand of polymorph (5)
 I - a wand of roots (7)
Scrolls
 c - 3 scrolls of fear
 h - 4 scrolls of teleportation
 i - 2 scrolls of poison
 m - 3 scrolls of immolation
 B - a scroll of enchant weapon {unknown}
 D - a scroll of summoning {unknown}
Potions
 a - a potion of haste
 b - a potion of enlightenment {unknown}
 d - 4 potions of mutation
 f - 2 potions of resistance {unknown}
 j - a potion of lignification {unknown}
 k - a potion of degeneration {unknown}
 p - 2 potions of might {unknown}
 t - a potion of ambrosia {unknown}
 u - a potion of invisibility {unknown}
 w - 2 potions of curing {unknown}
 z - 2 potions of attraction {unknown}


   Skills:
 + Level 1.3 Fighting
 + Level 1.1 Short Blades
 + Level 4.1 Armour
 + Level 5.9 Dodging
 + Level 6.3 Stealth
 * Level 8.0 Spellcasting
 + Level 7.4 Conjurations
 + Level 2.6 Fire Magic
 + Level 2.7 Earth Magic
 + Level 4.0 Invocations


You had 9 spell levels left.
You knew the following spells:

 Your Spells              Type           Power      Damage    Failure   Level
a - Magic Dart            Conj           100%       1d8       1%          1
b - Searing Ray           Conj           100%       2d8       1%          2
c - Stone Arrow           Conj/Erth      84%        3d12      4%          3
d - Fireball              Conj/Fire      21%        3d10      32%         5
e - Foxfire               Conj/Fire      100%       2x1d9     1%          1
f - Iskenderun's Mystic   Conj/Tloc      34%        2d8       22%         4

Your spell library contained the following spells:

 Spells                   Type           Power      Damage    Failure   Level
 Shock                    Conj/Air       100%       1d9       3%          1
 Sandblast                Erth           56%        2d13      4%          1
 Static Discharge         Conj/Air       68%        2-5/arc   4%          2
 Dazzling Flash           Conj/Hex       68%        N/A       8%          3
 Passwall                 Tmut/Erth      16%        N/A       10%         2
 Apportation              Tloc           22%        N/A       11%         1
 Necrotise                Necr           44%        1d6       11%         1
 Inner Flame              Hex/Fire       19%        N/A       17%         3
 Fulminant Prism          Conj/Hex       17%        3d11      22%         4
 Swiftness                Air            11%        N/A       28%         3
 Vampiric Draining        Necr           11%        2d6       28%         3
 Vhi's Electric Charge    Tloc/Air       22%        N/A       28%         3
 Animate Armour           Summ/Erth      40%        N/A       45%         4
 Arcjolt                  Conj/Air       17%        1d27      47%         5
 Airstrike                Air            5%         2d(1-17)  65%         4
 Cause Fear               Hex            5%         N/A       65%         4
 Summon Lightning Spire   Summ/Air       11%        N/A       65%         4
 Starburst                Conj/Fire      21%        6d7       86%         6
 Agony                    Necr           11%        N/A       92%         5
 Alistair's Intoxication  Tmut/Pois      7%         N/A       92%         5
 Yara's Violent Unravell  Hex/Tmut       5%         3d4       92%         5
 Plasma Beam              Fire/Air       9%         2x1d20    100%        6
 Enfeeble                 Hex            5%         N/A       100%        7
 Lehudib's Crystal Spear  Conj/Erth      21%        10d6      100%        8
 Dragon's Call            Summ           5%         N/A       100%        9


Dungeon Overview and Level Annotations

Branches:
Dungeon (8/15)             Temple (1/1) D:4         Ossuary (visited)
   Lair: D:8-11

Altars:
Ashenzari
Cheibriados
Dithmenos
Fedhas
Gozag
Hepliaklqana
Kikubaaqudgha
Makhleb
Nemelex Xobeh
Okawaru
Qazlal
Ru
Sif Muna
Trog
Uskayaw
Vehumet
Wu Jian
Xom

Shops:
D:4 (

Annotations:
D:3 3 runed translucent doors, NinjaNoafa's ghost, amateur GnSh


Innate Abilities, Weirdness & Mutations

You have hoof-like feet.
Your movements are less encumbered by armour. (ER -4)
You are strong-willed. (Will+)
Your spells are a little harder to cast, but a little more powerful.


Message History

The vampire mosquito draws strength from your injuries!
The vampire mosquito closely misses you.
You miss the vampire mosquito. You kick the vampire mosquito.
The vampire mosquito is lightly damaged.
The vampire mosquito bites you but does no damage.
The vampire mosquito bites you.
The vampire mosquito draws strength from your injuries!
You miss the vampire mosquito.
The vampire mosquito is lightly damaged.
The vampire mosquito misses you.
The vampire mosquito closely misses you.
You barely miss the vampire mosquito. Your kick misses the vampire mosquito.
The vampire mosquito is lightly damaged.
The vampire mosquito completely misses you.
The vampire mosquito bites you.
The vampire mosquito draws strength from your injuries!
You puncture the vampire mosquito!
The vampire mosquito is heavily damaged.
The vampire mosquito bites you.
The vampire mosquito draws strength from your injuries!
The vampire mosquito misses you. The vampire mosquito bites you!
* * * LOW HITPOINT WARNING * * *
The vampire mosquito draws strength from your injuries!
You puncture the vampire mosquito!
The vampire mosquito is heavily damaged.
The vampire mosquito bites you!
* * * LOW HITPOINT WARNING * * *
The vampire mosquito draws strength from your injuries!
The vampire mosquito barely misses you. The vampire mosquito bites you.
* * * LOW HITPOINT WARNING * * *
The vampire mosquito draws strength from your injuries!
The vampire mosquito bites you.
* * * LOW HITPOINT WARNING * * *
The vampire mosquito draws strength from your injuries!
Magic courses through your body. The vampire mosquito misses you.
A death knight comes into view. It is wielding a +1 vampiric battleaxe.
The centaur warrior wields a +0 orcbow.
The centaur warrior shoots an arrow.
The arrow hits you!!
You die...

#.#.......##c. ..# ' #..
#.#.......# ..##.. # #).
#.#.......# #..# .# #..
#.#######.# #..##..# #..
#.........##..##..# #..
#######.#.#####p###############..
#.#.#..#..#...##.#.#.#.##..
#.#.##..cy#..##.........#..
#.#.#.....@...##)#.#.#.##..
#.#.######..###†).......#))
#.#.#.........'#†#.#.#.#'..
#.#.###.....###.........#..
#.#.#.....#...##.#.#.#.##..
#.#.##.#..#...#.........#..
#.#.#..#..#.#.##.#.#.#.##..
#.#.#####################.#
#.........................#


You could see a death knight (wandering), a centaur warrior and a vampire
mosquito.

Vanquished Creatures
  A two-headed ogre (D:7)
  An unseen horror (D:5)
  A troll (D:8)
  2 hornets (D:8)
  A wyvern (D:8)
  A yak (D:8)
  A wraith (D:8)
  3 steam dragons (D:8)
  A water moccasin (D:7)
  2 orc warriors (D:8)
  2 ice beasts
  A sky beast (D:5)
  2 black bears
  3 ogres
  2 phantoms
  2 centaurs
  A bullfrog (D:7)
  A kobold brigand (D:8)
  Blork the orc (D:6)
  2 elf zombies (Ossuary)
  5 wights (D:7)
  A killer bee (D:8)
  3 howler monkeys
  6 centaur zombies (Ossuary)
  2 hounds
  2 jellies
  4 orc priests
  4 human zombies (Ossuary)
  3 sleepcaps
  4 iguanas
  7 orc wizards
  3 mummies (Ossuary)
  4 gnolls (D:3)
  4 adders
  2 white imps
  An ufetubus (D:6)
  4 worms
  37 orcs
  10 ball pythons
  9 bats
  7 endoplasms
  2 giant cockroaches
  4 goblins
  12 hobgoblins
  4 kobolds
  3 quokkas
  4 frilled lizards
  8 rats
190 creatures vanquished.

Vanquished Creatures (others)
  An orc wizard (D:8)
  57 foxfires (D:8)
58 creatures vanquished.

Grand Total: 248 creatures vanquished

Notes
Turn   | Place    | Note
-------+----------+-------------------------------------------
     0 | D:1      | javelincjr the Demonspawn Conjurer began the quest for the
                  | Orb.
     0 | D:1      | Reached XP level 1. HP: 13/13 MP: 3/3
   265 | D:1      | Gained mutation: You have large cloven feet. [demonic
                  | ancestry]
   265 | D:1      | Reached XP level 2. HP: 19/19 MP: 3/5
   766 | D:1      | Learned a level 2 spell: Searing Ray
  1228 | D:2      | Reached XP level 3. HP: 24/24 MP: 2/6
  1547 | D:2      | Reached XP level 4. HP: 30/30 MP: 3/7
  2083 | D:2      | Found a stormy altar of Qazlal.
  2265 | D:2      | Found a faded altar of an unknown god.
  2703 | D:3      | Gained mutation: Your movements are slightly less
                  | encumbered by armour. (ER -2) [demonic ancestry]
  2703 | D:3      | Reached XP level 5. HP: 35/35 MP: 1/9
  2900 | D:3      | Reached skill level 3 in Spellcasting
  3058 | D:3      | Noticed NinjaNoafa's ghost (amateur GnSh)
  3359 | D:3      | Found a runed translucent gate.
  3360 | D:3      | Found a runed translucent gate.
  3361 | D:3      | Found a runed translucent gate.
  3863 | D:4      | Found Voemieji's Weapon Boutique.
  3951 | D:4      | Noticed an ogre
  4039 | D:4      | Killed an ogre
  4040 | D:4      | Reached skill level 1 in Armour
  4040 | D:4      | Reached skill level 5 in Conjurations
  4040 | D:4      | Reached XP level 6. HP: 37/41 MP: 0/11
  4271 | D:4      | Noticed an angel
  4643 | D:4      | Found a staircase to the Ecumenical Temple.
  4652 | Temple   | Entered the Ecumenical Temple
  4679 | Temple   | Became a worshipper of Sif Muna the Loreminder
  4708 | Temple   | Gained mutation: You are strong-willed. (Will+) [potion of
                  | mutation]
  4708 | Temple   | Gained mutation: Your spells are a little harder to cast,
                  | but a little more powerful. [potion of mutation]
  4994 | D:5      | Entered Level 5 of the Dungeon
  5079 | D:5      | Identified the +0 robe "Wiseneen" {rElec}
  5145 | D:5      | Reached skill level 4 in Spellcasting
  5212 | D:5      | Reached XP level 7. HP: 46/46 MP: 6/13
  5327 | D:5      | Found a sand-covered staircase.
  5335 | Ossuary  | Entered an ossuary
  5867 | Ossuary  | Reached skill level 5 in Spellcasting
  5884 | Ossuary  | Gained mutation: Your movements are less encumbered by
                  | armour. (ER -4) [demonic ancestry]
  5884 | Ossuary  | Reached XP level 8. HP: 52/52 MP: 0/15
  5888 | Ossuary  | Learned a level 3 spell: Stone Arrow
  6254 | D:5      | Found a snail-covered altar of Cheibriados.
  6444 | D:5      | Reached * piety under Sif Muna
  7310 | D:5      | HP: 1/52 [something (9)]
  7485 | D:5      | Killed an unseen horror
  7486 | D:5      | Reached skill level 5 in Stealth
  7486 | D:5      | Reached skill level 6 in Spellcasting
  7597 | D:6      | Gained mutation: You have hoof-like feet. [demonic
                  | ancestry]
  7597 | D:6      | Reached XP level 9. HP: 57/57 MP: 8/18
  7803 | D:6      | Found a burning altar of Makhleb.
  7950 | D:6      | Noticed Blork the orc
  7955 | D:6      | Killed Blork the orc
  7956 | D:6      | Reached skill level 5 in Dodging
  8192 | D:6      | Identified the staff of Dung {rF+ Int+3 Fire}
  8196 | D:6      | Found an ancient bone altar of Kikubaaqudgha.
  8197 | D:6      | Found a sparkling altar of Nemelex Xobeh.
  8197 | D:6      | Found a shimmering altar of Xom.
  8870 | D:7      | Reached ** piety under Sif Muna
  8871 | D:7      | Reached skill level 1 in Invocations
  9024 | D:7      | Reached skill level 1 in Fire Magic
  9062 | D:7      | Reached skill level 1 in Earth Magic
  9207 | D:7      | Noticed a two-headed ogre
  9218 | D:7      | HP: 1/57 [two-headed ogre/+0 giant club (13)]
  9241 | D:7      | Killed a two-headed ogre
  9242 | D:7      | Reached skill level 7 in Spellcasting
  9746 | D:7      | Learned a level 5 spell: Fireball
  9892 | D:8      | Identified the +1 leather armour "Senwa" {Dex+5}
 10076 | D:8      | Found the +8 arc blade {discharge, rElec}
 10090 | D:8      | Noticed a troll
 10096 | D:8      | Killed a troll
 10097 | D:8      | Reached XP level 10. HP: 53/63 MP: 14/21
 10369 | D:8      | HP: 1/63 [orc warrior/+0 hand axe (11)]
 10578 | D:8      | Learned a level 1 spell: Foxfire
 10594 | D:8      | Learned a level 4 spell: Iskenderun's Mystic Blast
 10975 | D:8      | Paralysed by a hornet for 2 turns
 10979 | D:8      | Reached skill level 1 in Fighting
 10997 | D:8      | Reached skill level 1 in Short Blades
 11190 | D:8      | Noticed a centaur warrior
 11191 | D:8      | Reached skill level 8 in Spellcasting
 11211 | D:8      | Noticed a death knight
 11211 | D:8      | Shot with an arrow by a centaur warrior

Illustrated notes

Levels and vault maps discovered:
D:1:      dpeg_arrival_short_road, layout_basic, minmay_misc_feat_encased
D:2:      layout_loops_corners, basic_ecumenical_altar, basic_altar
D:3:      layout_basic, gammafunk_ghost_split
D:4:      layout_basic, elyvilon_altar_3, zin_angel, minmay_temple_entry_mist,
          serial_shops, nicolae_inconvenience_store
D:5:      minmay_skewed_foursquare, layout_basic, slow_altar_1,
          chequers_ossuary_entry_cave
D:6:      layout_cave_pods, mainiacjoe_overflow_six_doors_small,
          gammafunk_temple_overflow_forgotten, uniq_blork_the_orc
D:7:      layout_basic
D:8:      layout_basic, minmay_the_grid_2x2 [minmay_the_grid_minigrid_small_alt,
          minmay_the_grid_spikes, minmay_the_grid_minigrid_medium,
          minmay_the_grid_prize_big_room]
Temple:   compressed_dpeg_triangle_lava_temple

Skill      XL: |  1  2  3  4  5  6  7  8  9 10 |
---------------+-------------------------------+-----
Dodging        | 2 3 4 5 |  5.9
Stealth        | 2 3 4 5 6 |  6.3
Spellcasting   | 3 4 5 6 7 8 |  8.0
Armour         | 1 2 3 4 |  4.1
Conjurations   | 5 6 7 |  7.4
Invocations    | 3 4 |  4.0
Fire Magic     | 2 |  2.6
Earth Magic    | 2 |  2.7
Fighting       | 1 |  1.3
Short Blades   | 1 |  1.1

Action                     |  1- 3 |  4- 6 |  7- 9 | 10-12 || total
---------------------------+-------+-------+-------+-------++-------
  Melee: Unarmed           |    13 |       |       |       ||    13
         Kick              |     3 |     7 |    47 |     7 ||    64
         Punch             |     1 |       |     1 |       ||     2
         Whip              |       |    17 |    83 |       ||   100
         Trident           |       |       |    44 |       ||    44
         Rapier            |       |       |     2 |    15 ||    17
         Staff             |       |       |       |    21 ||    21
   Cast: Magic Dart        |    63 |   111 |   114 |    16 ||   304
         Searing Ray       |     1 |    24 |    32 |     5 ||    62
         Stone Arrow       |       |       |    40 |    19 ||    59
         Foxfire           |       |       |       |    33 ||    33
         Iskenderun's Myst |       |       |       |     1 ||     1
  Evoke: Wand              |       |       |     2 |       ||     2
    Use: Scroll            |       |     6 |     7 |       ||    13
         Potion            |       |     2 |     2 |     2 ||     6
   Stab: Sleeping          |       |       |     1 |       ||     1
 Armour: Robe              |     1 |     2 |       |       ||     3
         Leather armour    |       |    11 |       |       ||    11
         Troll leather arm |       |       |    76 |     5 ||    81
         Steam dragon scal |       |       |       |    16 ||    16
  Dodge: Dodged            |    12 |    36 |   107 |    57 ||   212

Table legend: (Time is in decaauts)
 A = Elapsed time spent in this place.
 B = Non-inter-level travel time spent in this place.
 C = Inter-level travel time spent in this place.
 D = Time resting spent in this place.
 E = Time spent auto-exploring this place.
 F = Levels seen in this place.
 G = Mean time per level.
                   A        B        C        D        E       F      G
               +--------+--------+--------+--------+--------+-----+--------+
         Total |  11233 |  11028 |    205 |   1566 |   7728 |  10 | 1123.3 |
       Dungeon |  10404 |  10199 |    205 |   1201 |   7514 |   8 | 1300.5 |
        Temple |     57 |     57 |      0 |      0 |      0 |   1 |   57.0 |
       Ossuary |    771 |    771 |      0 |    365 |    214 |   1 |  771.0 |
               +--------+--------+--------+--------+--------+-----+--------+

Top non-repeatable levels by time:
     D:5: 1661 daAuts
     D:2: 1381 daAuts
     D:8: 1345 daAuts
     D:6: 1280 daAuts
     D:1: 1207 daAuts
     D:4: 1179 daAuts
     D:3: 1175 daAuts
     D:7: 1174 daAuts
 Ossuary: 771 daAuts
  Temple: 57 daAuts
